 Dungeon Crawl Stone Soup version 0.32-a0-540-g866d13106e (webtiles) character file.

Game seed: 16450240494097843433

617 zenocrate the Ruffian (level 7, 0/50 HPs)
             Began as a Demonspawn Gladiator on Feb 29, 2024.
             Slain by an unseen horror (9 damage)
             ... on level 5 of the Dungeon.
             The game lasted 00:05:27 (3675 turns).

zenocrate the Ruffian (Demonspawn Gladiator)        Turns: 3675, Time: 00:05:27

Health: 0/50       AC:  8    Str: 22    XL:     7   Next: 21%
Magic:  7/7        EV: 15    Int:  9    God:
Gold:   274        SH:  0    Dex: 14    Spells: 6/6 levels left

rFire   . .          .
                       - Unarmed
rCold   . . .        (no shield)
rNeg    . . .        a - +0 leather armour
rPois   .            b - +0 helmet
rElec   .            x - +0 cloak
rCorr   .            q - +2 pair of gloves
SInv    .            (no boots)
Will    +....        (no amulet)
Stlth   +            g - ring of willpower
HPRegen 0.28/turn    H - +6 ring of strength
MPRegen 0.10/turn

%: no passive effects
@: no status effects
A: repulsion field 2, demonic touch 2
a: no special abilities


You were on level 5 of the Dungeon.
You visited 1 branch of the dungeon, and saw 5 of its levels.
You also visited: Sewer.

You collected 274 gold pieces.

Inventory:

Missiles
 c - 3 throwing nets
 d - a javelin
 n - 2 boomerangs
 o - 23 poisoned darts (quivered)
Armour
 a - a +0 leather armour (worn)
 b - a +0 helmet (worn)
 q - a +2 pair of gloves (worn)
 x - a +0 cloak (worn)
Jewellery
 g - a ring of willpower (left hand)
 H - a +6 ring of strength (right hand)
Talismans
 h - a blade talisman
 j - a serpent talisman
 A - a maw talisman
Wands
 r - a wand of warping (6)
Scrolls
 e - a scroll of amnesia {unknown}
 i - a scroll of revelation {unknown}
 s - a scroll of fog {unknown}
 u - 2 scrolls of teleportation {unknown}
 v - a scroll of enchant weapon {unknown}
 y - a scroll of enchant armour {unknown}
 z - 2 scrolls of noise {unknown}
 E - a scroll of poison {unknown}
 F - a scroll of identify
 I - a scroll of torment {unknown}
Potions
 f - a potion of haste
 k - a potion of invisibility
 l - a potion of cancellation
 m - 2 potions of berserk rage
 p - 3 potions of enlightenment
 t - a potion of heal wounds
 w - a potion of degeneration {unknown}
 B - a potion of lignification {unknown}
 C - a potion of ambrosia {unknown}
 D - 2 potions of curing {unknown}
 G - a potion of mutation {unknown}


   Skills:
 - Level 2.0 Fighting
 - Level 4.2 Throwing
 - Level 2.6 Dodging
 + Level 5.9 Unarmed Combat
 + Level 2.7 Evocations


You had 6 spell levels left.
You didn't know any spells.
Your spell library contained the following spells:

 Spells                   Type           Power      Damage    Failure   Level
 Mercury Vapours          Alch/Air       0%         N/A       56%         2
 Mephitic Cloud           Conj/Alch/Air  0%         N/A       80%         3
 Vhi's Electric Charge    Tloc/Air       0%         N/A       99%         4
 Arcjolt                  Conj/Air       0%         1d10      100%        5
 Freezing Cloud           Conj/Ice/Air   0%         6-21      100%        5
 Maxwell's Capacitive Co  Air            0%         ∞         100%        8


Dungeon Overview and Level Annotations

Branches:
Dungeon (5/15)              Sewer (visited)
 Temple: D:4-7

Altars:

Shops:
D:4 (*


Innate Abilities, Weirdness & Mutations

You are surrounded by a moderate repulsion field. (EV +3)
Your touch may inflict irresistible damage on your foes.


Message History

Unknown command.
You hit the gnoll but do no damage.
You touch the gnoll!
The gnoll is severely wounded.
Something barely misses you.
Unknown command.
You punch the gnoll!
You kill the gnoll!
Something hits you but does no damage. The gnoll misses you.
The gnoll completely misses you.
Unknown command.
You hit the gnoll.
The gnoll is lightly wounded.
The gnoll hits you with a +0 whip. The gnoll misses you.
Something hits you but does no damage.
You hit the gnoll. You punch the gnoll.
The gnoll is heavily wounded.
Something hits you but does no damage. The gnoll barely misses you.
The gnoll closely misses you.
You hit the gnoll.
The gnoll is severely wounded.
Something hits you. The gnoll hits you with a +0 whip. x2
You closely miss the gnoll.
The gnoll is severely wounded.
Something hits you but does no damage. The gnoll hits you with a +0 whip.
* * * LOW HITPOINT WARNING * * *
The gnoll barely misses you.
Unknown command.
You closely miss the gnoll.
You touch the gnoll.
You kill the gnoll!
Something hits you.
* * * LOW HITPOINT WARNING * * *
The gnoll hits you but does no damage.
Unknown command.
Unknown command.
You closely miss the gnoll. The gnoll hits you with a +0 whip.
* * * LOW HITPOINT WARNING * * *
Unknown command.
Unknown command.
You closely miss the gnoll. Something hits you!
You die...

#........##
#.........#
#.........#
#.........#
#.........##
#....!.....#
#....)g..# #...)@.#
#.....#### ###
##.......###.####
##..##[........###
#.. ###.........####
#.###...............
#. #.............#..
#. #.............###
#. #....†.......## #


You could see a gnoll.

Vanquished Creatures
  Sigmund (D:3)
  A kobold brigand (Sewer)
  A hound (D:4)
  An orc priest (D:4)
  Crazy Yiuf (D:3)
  Ijyb (D:3)
  Terence (D:3)
  3 iguanas
  2 adders
  5 gnolls
  A river rat (Sewer)
  3 dart slugs
  A ribbon worm (D:3)
  9 orcs
  8 endoplasms
  18 giant cockroaches
  2 goblins
  4 hobgoblins
  7 jackals
  3 quokkas
  6 ball pythons
  5 bats
  2 frilled lizards (D:1)
  8 kobolds
  6 rats
100 creatures vanquished.

Notes
Turn   | Place    | Note
-------+----------+-------------------------------------------
     0 | D:1      | zenocrate the Demonspawn Gladiator began the quest for the
                  | Orb.
     0 | D:1      | Reached XP level 1. HP: 16/16 MP: 1/1
    54 | D:1      | Reached skill level 3 in Unarmed Combat
   100 | D:1      | Gained mutation: Your touch may inflict minor irresistible
                  | damage on your foes. [demonic ancestry]
   100 | D:1      | Reached XP level 2. HP: 4/22 MP: 2/2
   855 | D:2      | Found a faded altar of an unknown god.
   868 | D:2      | Reached XP level 3. HP: 21/27 MP: 3/3
  1598 | D:3      | Gained mutation: Your touch may inflict irresistible damage
                  | on your foes. [demonic ancestry]
  1598 | D:3      | Reached XP level 4. HP: 33/33 MP: 4/4
  1653 | D:3      | Noticed Ijyb
  1658 | D:3      | Killed Ijyb
  1659 | D:3      | Reached skill level 4 in Unarmed Combat
  1685 | D:3      | Found a glowing drain.
  1711 | Sewer    | Entered a sewer
  1763 | Sewer    | Noticed a kobold brigand
  1775 | Sewer    | Killed a kobold brigand
  1776 | Sewer    | Gained mutation: You are surrounded by a mild repulsion
                  | field. (EV +2) [demonic ancestry]
  1776 | Sewer    | Reached XP level 5. HP: 38/38 MP: 5/5
  1939 | D:3      | Noticed Sigmund
  1946 | D:3      | Killed Sigmund
  1947 | D:3      | Reached skill level 5 in Unarmed Combat
  1947 | D:3      | Reached XP level 6. HP: 35/44 MP: 6/6
  2017 | D:3      | Noticed Terence
  2025 | D:3      | Killed Terence
  2269 | D:3      | Found a runed translucent door.
  2270 | D:3      | Noticed Crazy Yiuf
  2555 | D:3      | Killed Crazy Yiuf
  2556 | D:3      | Reached skill level 1 in Evocations
  2958 | D:4      | Gained mutation: You are surrounded by a moderate repulsion
                  | field. (EV +3) [demonic ancestry]
  2958 | D:4      | Reached XP level 7. HP: 16/50 MP: 7/7
  2965 | D:4      | HP: 2/50 [poisoned by an orc]
  3164 | D:4      | Found Qentyb's Gadget Gallery.
  3203 | D:4      | Found Ryiphukk's Antique Weapon Shoppe.
  3382 | D:5      | Entered Level 5 of the Dungeon
  3675 | D:5      | Slain by an unseen horror

Illustrated notes

Levels and vault maps discovered:
D:1:      erik_arrival_triangle_medium, layout_loops_ring
D:2:      minmay_roachtagon, layout_basic,
          shapermc_ecumenical_altar_starsandcircs, minivault_24,
          nicolae_concentric_dashed_squares_mild
D:3:      layout_basic, portal_sewer_entry_f, uniq_sigmund,
          uniq_crazy_yiuf_cottage, uniq_ijyb, uniq_terence
D:4:      layout_basic, serial_shops, nicolae_shop_trees, nicolae_shop_gadgets
D:5:      layout_cave_pods, chequers_mini_garden

Skill      XL: |  1  2  3  4  5  6 |
---------------+-------------------+-----
Unarmed Combat | 3 4 5 |  5.9
Throwing       | 2 3 4 |  4.2
Evocations     | 2 |  2.7
Fighting       | |  2.0
Dodging        | |  2.6

Action                     |  1- 3 |  4- 6 |  7- 9 || total
---------------------------+-------+-------+-------++-------
  Melee: Unarmed           |   133 |   123 |    28 ||   284
         Touch             |    16 |    29 |     4 ||    49
         Punch             |     2 |     3 |     1 ||     6
  Throw: Dart              |       |     5 |       ||     5
    Use: Scroll            |     5 |     1 |       ||     6
         Potion            |       |     1 |       ||     1
   Stab: Sleeping          |     1 |     1 |       ||     2
 Armour: Leather armour    |    90 |    52 |    24 ||   166
  Dodge: Dodged            |    97 |    64 |    17 ||   178

Table legend: (Time is in decaauts)
 A = Elapsed time spent in this place.
 B = Non-inter-level travel time spent in this place.
 C = Inter-level travel time spent in this place.
 D = Time resting spent in this place.
 E = Time spent auto-exploring this place.
 F = Levels seen in this place.
 G = Mean time per level.
                   A        B        C        D        E       F      G
               +--------+--------+--------+--------+--------+-----+--------+
         Total |   3688 |   3575 |    113 |      0 |   2862 |   6 |  614.7 |
       Dungeon |   3439 |   3326 |    113 |      0 |   2719 |   5 |  687.8 |
         Sewer |    248 |    248 |      0 |      0 |    142 |   1 |  248.0 |
               +--------+--------+--------+--------+--------+-----+--------+

Top non-repeatable levels by time:
     D:3: 901 daAuts
     D:2: 796 daAuts
     D:4: 748 daAuts
     D:1: 701 daAuts
     D:5: 290 daAuts
   Sewer: 248 daAuts
